 Dungeon Crawl Stone Soup version 0.31-a0-774-g0d66cbabe8 (webtiles) character file.

Game seed: 2177079337392670232

42833 pokeman the Eclecticist (level 13, -4/74 HPs)
             Began as a Deep Elf Hedge Wizard on Sept 17, 2023.
             Was a High Priest of Vehumet.
             Engulfed by a cloud of freezing vapour (10 damage)
             ... on level 15 of the Dungeon.
             The game lasted 00:55:51 (20829 turns).

pokeman the Eclecticist (Deep Elf Hedge Wizard)    Turns: 20829, Time: 00:55:52

Health: -4/74      AC: 10    Str:  7    XL:     13   Next: 87%
Magic:  13/37      EV: 12    Int: 25    God:    Vehumet [*****.]
Gold:   1048       SH:  0    Dex: 14    Spells: 14/48 levels left

rFire   . . .        I - +1 trident (venom)
rCold   + . .        (no shield)
rNeg    . . .        K - +2 leather armour {rC+}
rPois   +            l - +0 helmet
rElec   .            j - +0 cloak {Stlth+}
rCorr   .            B - +0 pair of gloves
SInv    +            u - +0 pair of boots
Will    +....        (no amulet)
Stlth   +++          a - ring of see invisible
HPRegen 0.32/turn    M - ring of poison resistance
MPRegen 0.25/turn

%: no passive effects
@: marked
A: no striking features
a: Renounce Religion


You were on level 15 of the Dungeon.
You worshipped Vehumet.
Vehumet was extremely pleased with you.
You visited 2 branches of the dungeon, and saw 16 of its levels.
You also visited: Sewer and Ossuary.

You collected 1048 gold pieces.

Inventory:

Hand Weapons
 I - a +1 trident of venom (weapon)
Missiles
 g - 2 curare-tipped darts
Armour
 j - a +0 cloak of stealth (worn)
 k - a +2 pair of boots
 l - a +0 helmet (worn)
 u - a +0 pair of boots (worn)
 B - a +0 pair of gloves (worn)
 K - a +2 leather armour of cold resistance (worn)
 Q - a +2 robe of fire resistance
 W - a +0 buckler
Jewellery
 a - a ring of see invisible (left hand)
 f - an amulet of guardian spirit
 M - a ring of poison resistance (right hand)
 P - a ring of resist corrosion
Wands
 c - a wand of digging (6)
 h - a wand of charming (7)
 z - a wand of quicksilver (18)
Scrolls
 e - 6 scrolls of teleportation
 n - 3 scrolls of revelation
 v - 4 scrolls of blinking {unknown}
 w - 2 scrolls of torment {unknown}
 y - 4 scrolls of amnesia {unknown}
 D - a scroll of silence {unknown}
 G - 2 scrolls of enchant armour {unknown}
 H - 2 scrolls of vulnerability {unknown}
 L - 3 scrolls of fear {unknown}
 Y - a scroll of brand weapon {unknown}
 Z - a scroll of enchant weapon {unknown}
Potions
 b - a potion of lignification {unknown}
 d - 5 potions of magic
 i - a potion of invisibility {unknown}
 m - 4 potions of haste
 q - a potion of ambrosia {unknown}
 s - a potion of brilliance {unknown}
 t - 2 potions of degeneration {unknown}
 J - 8 potions of curing
 N - 3 potions of heal wounds
 R - a potion of attraction {unknown}
 V - a potion of resistance {unknown}
 X - 2 potions of enlightenment {unknown}


   Skills:
 + Level 5.8 Fighting
 - Level 6.0 Armour
 - Level 3.0 Dodging
 - Level 3.0 Stealth
 * Level 18.4 Spellcasting
 + Level 11.2 Conjurations
 - Level 3.0 Summonings
 - Level 1.1 Translocations
 - Level 1.0 Transmutations
 + Level 8.0 Fire Magic
 - Level 1.0 Ice Magic
 + Level 9.8 Air Magic
 + Level 6.0 Earth Magic
 - Level 1.0 Poison Magic
 - Level 1.1 Evocations


You had 14 spell levels left.
You knew the following spells:

 Your Spells              Type           Power      Damage    Failure   Level
a - Magic Dart            Conj           100%       1d8       1%          1
b - Mephitic Cloud        Conj/Pois/Air  56%        N/A       1%          3
c - Call Imp              Summ           76%        N/A       1%          2
d - Blink                 Tloc           56%        N/A       2%          2
e - Airstrike             Air            32%        2d(5-21)  1%          4
f - Swiftness             Air            64%        N/A       1%          3
g - Freezing Cloud        Conj/Ice/Air   28%        6-21      1%          5
h - Ignite Poison         Fire/Tmut/Pois 39%        N/A       1%          3
i - Leda's Unmaking       Conj/Erth      30%        9d5       3%          6
j - Lee's Rapid Deconstr  Erth           26%        3d14*     1%          5

Your spell library contained the following spells:

 Spells                   Type           Power      Damage    Failure   Level
 Plasma Beam              Fire/Air       30%        2x1d43    3%          6
 Apportation              Tloc           56%        N/A       1%          1
 Shock                    Conj/Air       100%       1d9       1%          1
 Cigotuvi's Dreadful Rot  Necr/Pois/Air  82%        N/A       1%          2
 Frozen Ramparts          Ice            56%        1d9       1%          3
 Irradiate                Conj/Tmut      26%        3d20      1%          5
 Slow                     Hex            92%        N/A       3%          1
 Wereblood                Tmut           28%        N/A       3%          2
 Jinxbite                 Hex            46%        N/A       4%          2
 Gell's Gravitas          Tloc           28%        N/A       5%          3
 Teleport Other           Tloc           28%        N/A       5%          3
 Petrify                  Tmut/Erth      40%        N/A       7%          4
 Leda's Liquefaction      Hex/Erth       19%        N/A       9%          4
 Anguish                  Hex/Necr       11%        N/A       28%         4
 Cause Fear               Hex            11%        N/A       28%         4
 Alistair's Intoxication  Tmut/Pois      18%        N/A       47%         5
 Metabolic Englaciation   Hex/Ice        12%        N/A       54%         5
 Dispersal                Tloc           14%        N/A       96%         6
 Enfeeble                 Hex            11%        N/A       100%        7


Dungeon Overview and Level Annotations

Branches:
Dungeon (15/15)            Temple (1/1) D:5            Lair (0/5) D:8
    Orc (0/2) D:9          Vaults (0/5) D:14          Sewer (visited)
Ossuary (visited)
 Depths: D:15

Altars:
Ashenzari
Cheibriados
Dithmenos
Elyvilon
Fedhas
Gozag
Hepliaklqana
Kikubaaqudgha
Makhleb
Nemelex Xobeh
Okawaru
Qazlal
Ru
Sif Muna
Trog
Uskayaw
Vehumet
Wu Jian
Xom
Yredelemnul
Zin
The Shining One

Shops:
D:5 (

Annotations:
D:6 2 transporters, Fodor's ghost, novice MiFi


Message History

You feel your power returning.
The deep elf pyromancer is engulfed in noxious fumes.
The deep elf pyromancer appears confused.
Your Earth Magic skill increases to level 6!
Unknown command.
Casting: Airstrike (safe; 1% risk of failure)
Confirm with . or Enter, or press ? or * to list all spells.
Aiming: Mephitic Cloud (safe; 1% risk of failure)
Press: ? - help, Shift-Dir - straight line, f - deep elf pyromancer
Aim: a deep elf pyromancer, wielding a +0 rapier and wearing a +0 leather armour (confused, chance to affect: 58%)
Okay, then.
Unknown command.
Casting: Mephitic Cloud (safe; 1% risk of failure)
Confirm with . or Enter, or press ? or * to list all spells.
Aiming: Freezing Cloud (dangerous; 1% risk of failure)
Press: ? - help, Dir - move target The wolf spider is engulfed in freezing vapours.
Unknown command.
Reach: I) +1 trident (venom)
Press: ? - help, Dir - move target, f - deep elf pyromancer
Aim: a deep elf pyromancer, wielding a +0 rapier and wearing a +0 leather armour (confused, about 25% to evade your +1 trident of venom)
You reach to attack!
You hit the deep elf pyromancer.
The deep elf pyromancer is poisoned.
The deep elf pyromancer is lightly wounded.
You feel stable enough to blink again.
The wolf spider is engulfed in freezing vapours.
A manticore comes into view.
An orc knight comes into view. It is wielding a +0 halberd.
The wolf spider is engulfed in freezing vapours.
An orb spider comes into view.
A tengu conjurer comes into view.
The orc knight is engulfed in noxious fumes.
The orc knight appears confused.
The orc knight barely misses the orb spider.
The manticore moves out of view.
Casting: Freezing Cloud (dangerous; 1% risk of failure)
Confirm with . or Enter, or press ? or * to list all spells.
Aiming: Freezing Cloud (dangerous; 1% risk of failure)
Press: ? - help, Dir - move target, p - deep elf pyromancer You are engulfed in freezing vapours.
You resist.
You die...

.. ...## ... ..!#
...... ##..#
........###...#
........#..§§§§#
........#..§§§§####
..........#°§§s§..#
.........s...§§§..#
.........o...§§§@##
.........Q...##e##
...........######
........##.#
#.......####
........# ........#
#.##..### ####..#


You could see an orc knight (confused), a wolf spider, an orb spider, a deep elf
pyromancer (confused, very poisoned) and a tengu conjurer.

Vanquished Creatures
  Roxanne (D:14)
  Nessos (D:15)
  An ice dragon (D:11)
  A vault guard (D:14)
  Erolcha (D:11)
  A hydra (D:14)
  An ogre mage (D:13)
  2 centaur warriors
  6 two-headed ogres
  A death knight (D:14)
  4 boulder beetles
  3 tengu warriors
  Amaemon (D:10)
  An iron troll (D:14)
  4 deep elf pyromancers
  A harpy (shapeshifter) (D:15)
  A manticore (D:11)
  5 cyclopes
  An orange demon (D:10)
  A gargoyle (D:13)
  An unseen horror (shapeshifter) (D:14)
  An unseen horror (D:10)
  2 freezing wraiths (D:14)
  3 kobold demonologists
  2 komodo dragons
  An efreet (D:11)
  3 tengu conjurers
  5 trolls
  23 slime creatures
  A shadow (D:11)
  6 wraiths
  4 wyverns
  A vampire (D:12)
  29 yaks
  A human (shapeshifter) (D:13)
  A steam dragon (D:6)
  10 vampire mosquitoes
  2 wargs (D:7)
  5 acid dragons
  3 water moccasins
  2 ice beasts
  2 black bears
  2 sky beasts
  9 orc warriors
  4 ogres
  14 centaurs
  3 phantoms
  4 kobold brigands
  2 bullfrogs
  5 gnoll sergeants
  A scorpion (D:6)
  A wight (D:6)
  7 killer bees
  2 electric eels
  2 howler monkeys
  3 centaur zombies (Ossuary)
  8 jellies
  A human zombie (Ossuary)
  A hound (D:6)
  7 orc priests
  2 iguanas (D:5)
  16 orc wizards
  3 mummies
  19 gnolls
  15 adders
  A shadow imp (D:5)
  2 white imps
  2 ufetubi
  A worm (D:3)
  2 dart slugs (D:2)
  38 orcs
  10 ball pythons
  2 endoplasms (D:2)
  8 giant cockroaches
  A gnoll zombie (Ossuary)
  6 goblins
  6 hobgoblins
  8 jackals
  6 quokkas
  4 bats
  A frilled lizard (D:1)
  A goblin zombie (D:5)
  6 hobgoblin zombies (Ossuary)
  18 kobolds
  4 orc zombies
  A rat (Sewer)
405 creatures vanquished.

Notes
Turn   | Place    | Note
-------+----------+-------------------------------------------
     0 | D:1      | pokeman the Deep Elf Hedge Wizard began the quest for the
                  | Orb.
     0 | D:1      | Reached XP level 1. HP: 10/10 MP: 7/7
   295 | D:1      | Reached XP level 2. HP: 3/16 MP: 0/9
  1151 | D:2      | Found a basalt altar of Yredelemnul.
  1305 | D:2      | Reached skill level 5 in Spellcasting
  1305 | D:2      | Reached XP level 3. HP: 20/20 MP: 5/11
  1309 | D:2      | Learned a level 3 spell: Mephitic Cloud
  1312 | D:2      | Learned a level 2 spell: Call Imp
  1315 | D:2      | Learned a level 2 spell: Blink
  1442 | D:2      | Reached skill level 1 in Fighting
  1442 | D:2      | Reached skill level 1 in Armour
  1808 | D:2      | Reached XP level 4. HP: 25/25 MP: 11/13
  2057 | D:3      | Found a stormy altar of Qazlal.
  2156 | D:3      | Found a glowing drain.
  2196 | Sewer    | Entered a sewer
  2610 | Sewer    | Noticed a kobold brigand
  2610 | Sewer    | Noticed a kobold brigand
  2624 | Sewer    | Killed a kobold brigand
  2625 | Sewer    | Reached skill level 6 in Spellcasting
  2625 | Sewer    | Reached skill level 1 in Air Magic
  2625 | Sewer    | Reached skill level 1 in Poison Magic
  2625 | Sewer    | Reached XP level 5. HP: 17/29 MP: 6/15
  2632 | Sewer    | Reached XP level 6. HP: 23/34 MP: 5/17
  3201 | D:4      | Reached skill level 7 in Spellcasting
  3427 | D:4      | Reached skill level 1 in Evocations
  3652 | D:4      | Reached XP level 7. HP: 22/40 MP: 14/20
  4171 | D:5      | Entered Level 5 of the Dungeon
  4274 | D:5      | Found Cetoaw's Antique Weapon Boutique.
  4326 | D:5      | Reached skill level 8 in Spellcasting
  4412 | D:5      | Found a blossoming altar of Fedhas.
  4519 | D:5      | Found a sand-covered staircase.
  4528 | Ossuary  | Entered an ossuary
  4874 | Ossuary  | Reached XP level 8. HP: 44/44 MP: 12/22
  5094 | D:5      | Found a staircase to the Ecumenical Temple.
  5112 | Temple   | Entered the Ecumenical Temple
  5123 | Temple   | Became a worshipper of Vehumet
  5272 | D:5      | Reached skill level 9 in Spellcasting
  5997 | D:6      | Reached skill level 5 in Conjurations
  6303 | D:6      | Reached skill level 10 in Spellcasting
  6316 | D:6      | Reached XP level 9. HP: 20/49 MP: 11/25
  6323 | D:6      | Reached * piety under Vehumet
  6323 | D:6      | Offered knowledge of Freeze by Vehumet.
  6379 | D:6      | Learned a level 4 spell: Airstrike
  6486 | D:6      | Reached skill level 11 in Spellcasting
  6794 | D:6      | Found a transporter.
  6821 | D:6      | Noticed Fodor's ghost (novice MiFi)
  6823 | D:6      | Reached skill level 5 in Air Magic
  6823 | D:6      | Identified the +1 great mace of Wocaheva {freeze, rC+}
  6823 | D:6      | Noticed a two-headed ogre
  6827 | D:6      | Learned a level 3 spell: Swiftness
  6844 | D:6      | Found a transporter.
  8024 | D:7      | Reached skill level 12 in Spellcasting
  8952 | D:8      | Noticed a boulder beetle
  8953 | D:8      | You fall into a shaft and drop 2 floors!
  8953 | D:10     | Entered Level 10 of the Dungeon
  8976 | D:9      | Reached ** piety under Vehumet
  8976 | D:9      | Offered knowledge of Kiss of Death by Vehumet.
  9001 | D:9      | Reached XP level 10. HP: 56/56 MP: 14/28
  9184 | D:9      | Reached skill level 13 in Spellcasting
  9383 | D:9      | Learned a level 3 spell: Ignite Poison
  9389 | D:9      | Learned a level 5 spell: Freezing Cloud
  9594 | D:9      | Reached skill level 1 in Transmutations
  9601 | D:9      | Reached skill level 1 in Fire Magic
  9601 | D:9      | Reached skill level 1 in Ice Magic
  9765 | D:8      | Killed a boulder beetle
 10419 | D:8      | Offered knowledge of Scorch by Vehumet.
 10428 | D:8      | Reached skill level 14 in Spellcasting
 10689 | D:8      | Found a staircase to the Lair.
 11138 | D:9      | Reached *** piety under Vehumet
 11139 | D:9      | Reached XP level 11. HP: 10/61 MP: 17/31
 11414 | D:9      | Found a staircase to the Orcish Mines.
 11603 | D:10     | Noticed Amaemon
 11609 | D:10     | Killed Amaemon
 11978 | D:10     | Found a basalt altar of Yredelemnul.
 11979 | D:10     | Found a sacrificial altar of Ru.
 12081 | D:10     | Offered knowledge of Dazzling Flash by Vehumet.
 12242 | D:10     | Found an opulent altar of Gozag.
 12982 | D:11     | Reached skill level 15 in Spellcasting
 13091 | D:11     | Noticed Erolcha
 13101 | D:11     | Reached skill level 5 in Armour
 13103 | D:11     | Killed Erolcha
 13104 | D:11     | Reached **** piety under Vehumet
 13401 | D:11     | Noticed a two-headed ogre
 13420 | D:11     | Killed a two-headed ogre
 13756 | D:11     | Reached skill level 5 in Fire Magic
 14009 | D:11     | Noticed a boulder beetle
 14028 | D:11     | Killed a boulder beetle
 14029 | D:11     | Reached XP level 12. HP: 55/66 MP: 14/33
 14055 | D:11     | Noticed a centaur warrior
 14115 | D:11     | Killed a centaur warrior
 14117 | D:11     | Reached skill level 16 in Spellcasting
 14531 | D:11     | Offered knowledge of Sticky Flame by Vehumet.
 14532 | D:11     | Noticed an ice dragon
 14669 | D:11     | Killed an ice dragon
 14941 | D:11     | Learned a level 6 spell: Leda's Unmaking
 15300 | D:12     | Reached skill level 1 in Earth Magic
 15511 | D:12     | Noticed a boulder beetle
 15526 | D:12     | Killed a boulder beetle
 15527 | D:12     | Reached skill level 10 in Conjurations
 15941 | D:12     | Reached skill level 17 in Spellcasting
 16264 | D:12     | Noticed a boulder beetle
 16282 | D:12     | Killed a boulder beetle
 16682 | D:13     | Noticed a tengu warrior
 16693 | D:13     | Killed a tengu warrior
 16694 | D:13     | Reached XP level 13. HP: 50/72 MP: 31/36
 16981 | D:13     | Paralysed by an ogre mage for 3 turns
 17303 | D:13     | Reached skill level 5 in Fighting
 18464 | D:14     | Noticed Roxanne
 18472 | D:14     | Learned a level 5 spell: Lee's Rapid Deconstruction
 18480 | D:14     | Killed Roxanne
 18647 | D:14     | Reached skill level 5 in Earth Magic
 19072 | D:14     | Reached skill level 18 in Spellcasting
 19590 | D:14     | Reached ***** piety under Vehumet
 19590 | D:14     | Offered knowledge of Plasma Beam by Vehumet.
 20278 | D:14     | Found a gate to the Vaults.
 20527 | D:14     | Identified the +3 sling of the Realm of Zot {flame, Int+3}
 20558 | D:15     | Entered Level 15 of the Dungeon
 20592 | D:15     | Noticed Nessos
 20611 | D:15     | Killed Nessos
 20796 | D:15     | Found an ancient bone altar of Kikubaaqudgha.
 20803 | D:15     | Noticed a dire elephant
 20829 | D:15     | Engulfed by a cloud of freezing vapour

Illustrated notes

Levels and vault maps discovered:
D:1:      minmay_arrival_hallway, layout_loops_ring
D:2:      layout_loops_ring, basic_altar
D:3:      layout_rooms, nicolae_qazlal_scattered_showers,
          cheibrodos_sewer_entry_drain
D:4:      layout_cave_pools, minmay_ruptured
D:5:      layout_cave_pods, fedhas_altar_1, minmay_temple_entry_statues,
          serial_shops, nicolae_shop_waterfront, nicolae_ossuary_entry_giza
D:6:      layout_basic, gammafunk_ghost_smash, minmay_checkerbox
D:7:      layout_loops_ring, kennysheep_dice
D:8:      layout_basic, erik_lair_orcish_takeover
D:9:      layout_basic, david_orc_4
D:10:     layout_basic, nicolae_overflow_squiral, grunt_gozag_statues,
          uniq_amaemon
D:11:     minmay_quarter_circles, layout_loops_corners, uniq_erolcha
D:12:     layout_long_grid
D:13:     layout_stronghold
D:14:     layout_loops_ring, david_vaults_4, columned_hall_lemuel, uniq_roxanne
D:15:     hangedman_depths_entry_try_elsewhere_first, layout_cave_pools,
          lemuel_doored_altar, uniq_nessos
Temple:   nicolae_temple_bog_church

Skill      XL: |  1  2  3  4  5  6  7  8  9 10 11 12 13 |
---------------+----------------------------------------+-----
Spellcasting   | 5 6 7 8 10 12 14 15 17 18 | 18.4
Fighting       | 1 2 3 4 5 |  5.8
Armour         | 1 2 3 4 5 6 |  6.0
Conjurations   | 2 3 4 5 7 8 9 10 11 | 11.2
Stealth        | 3 |  3.0
Dodging        | 3 |  3.0
Air Magic      | 1 2 3 4 5 7 8 9 |  9.8
Poison Magic   | 1 |  1.0
Evocations     | 1 |  1.1
Transmutations | 1 |  1.0
Fire Magic     | 3 5 6 8 |  8.0
Ice Magic      | 1 |  1.0
Summonings     | 2 3 |  3.0
Earth Magic    | 4 6 |  6.0
Translocations | |  1.1

Action                     |  1- 3 |  4- 6 |  7- 9 | 10-12 | 13-15 || total
---------------------------+-------+-------+-------+-------+-------++-------
  Melee: Dagger            |     4 |       |       |       |       ||     4
         Hand axe          |     6 |    37 |    48 |       |       ||    91
         Punch             |       |       |     2 |     4 |       ||     6
         Glaive            |       |       |    35 |       |       ||    35
         Trident           |       |       |       |   217 |    23 ||   240
   Cast: Magic Dart        |    77 |   103 |   241 |    34 |     2 ||   457
         Mephitic Cloud    |     1 |     8 |    21 |    66 |    14 ||   110
         Blink             |       |     2 |     6 |     5 |     3 ||    16
         Call Imp          |       |       |     1 |       |       ||     1
         Airstrike         |       |       |    37 |   138 |    32 ||   207
         Ignite Poison     |       |       |       |    16 |     2 ||    18
         Freezing Cloud    |       |       |       |    20 |    19 ||    39
         Swiftness         |       |       |       |     1 |       ||     1
         Leda's Unmaking   |       |       |       |       |    35 ||    35
         Lee's Rapid Decon |       |       |       |       |    13 ||    13
  Evoke: Wand              |       |       |     1 |       |       ||     1
    Use: Potion            |       |     1 |       |       |       ||     1
         Scroll            |       |       |       |       |    12 ||    12
   Stab: Confused          |     1 |     5 |    10 |    28 |     2 ||    46
         Sleeping          |       |       |     4 |       |       ||     4
 Armour: Robe              |    11 |    48 |    87 |    27 |       ||   173
         Leather armour    |       |       |       |   120 |    44 ||   164
  Dodge: Dodged            |    17 |    62 |    89 |   101 |    19 ||   288

Table legend: (Time is in decaauts)
 A = Elapsed time spent in this place.
 B = Non-inter-level travel time spent in this place.
 C = Inter-level travel time spent in this place.
 D = Time resting spent in this place.
 E = Time spent auto-exploring this place.
 F = Levels seen in this place.
 G = Mean time per level.
                   A        B        C        D        E       F      G
               +--------+--------+--------+--------+--------+-----+--------+
         Total |  21111 |  20136 |    975 |   1612 |  15202 |  18 | 1172.8 |
       Dungeon |  19865 |  18914 |    951 |   1609 |  14241 |  15 | 1324.3 |
        Temple |     65 |     41 |     24 |      0 |      0 |   1 |   65.0 |
         Sewer |    701 |    701 |      0 |      3 |    586 |   1 |  701.0 |
       Ossuary |    479 |    479 |      0 |      0 |    374 |   1 |  479.0 |
               +--------+--------+--------+--------+--------+-----+--------+

Top non-repeatable levels by time:
    D:11: 2652 daAuts
    D:14: 1815 daAuts
    D:13: 1801 daAuts
     D:6: 1653 daAuts
     D:7: 1555 daAuts
    D:12: 1426 daAuts
     D:5: 1348 daAuts
     D:9: 1280 daAuts
     D:8: 1260 daAuts
    D:10: 1204 daAuts
     D:1: 1055 daAuts
     D:2: 1006 daAuts
     D:4: 899 daAuts
   Sewer: 701 daAuts
     D:3: 634 daAuts
